Map: El Dorado

Players

benjamne

  • Race: Terran Terran
  • League: Silver
  • Spawn Location: 7:00

llllllllllll - Winner!

  • Race: Terran Terran
  • League: Silver
  • Spawn Location: 5:00

VOD

Have the link to the VOD?

Description

Time

  • Played on: April 24, 2025, 9:53 a.m.
  • Length: 4:07
Show
View Real Time Build Order
Export as new Build Order

benjamne Terran 

Build Orders:  

Get SALT Encoding   

  12  0:00  SCV  
  13  0:12  SCV  
  14  0:18  Supply Depot  
  14  0:24  SCV  
  15  0:39  SCV  
  15  0:40  Barracks  
  16  0:46  Refinery  
  16  0:51  SCV  
  16  0:55  Refinery  
  17  1:03  SCV  
  18  1:16  SCV  
  19  1:28  Marine  
  19  1:29  Orbital Command  
  20  1:36  Supply Depot  
  20  1:46  Marine  
  21  1:55  SCV  
  22  2:02  Barracks  
  22  2:05  Marine  
  22  2:07  SCV  
  24  2:13  Barracks  
  24  2:19  SCV  
  25  2:24  Marine  
  26  2:31  SCV  
  27  2:42  Marine  
  27  2:43  SCV  
  29  2:47  Supply Depot  
  29  2:51  Barracks Tech Lab  
  29  2:55  SCV  
  30  3:00  Marine  
  30  3:02  Barracks Tech Lab  
  31  3:10  Supply Depot  
  31  3:11  Marine  
  33  3:23  Marine  
  33  3:28  Marine  
  33  3:32  Barracks Reactor  
  33  3:33  Supply Depot  
  34  3:40  Engineering Bay  
  34  3:41  Engineering Bay  
  34  3:49  Marine  
Show
View Real Time Build Order
Export as new Build Order

llllllllllll Terran - Winner!

Build Orders: 1/1/1 

Get SALT Encoding   

  12  0:00  SCV  
  13  0:12  SCV  
  14  0:18  Supply Depot  
  14  0:24  SCV  
  15  0:29  Refinery  
  15  0:39  SCV  
  16  0:46  Barracks  
  16  0:51  SCV  
  17  0:57  Refinery  
  17  1:03  SCV  
  18  1:16  SCV  
  19  1:33  Factory  
  19  1:35  Barracks Reactor  
  19  1:36  Orbital Command  
  19  1:47  Supply Depot  
  19  2:02  SCV  
  20  2:12  Marine x2  
  22  2:17  Starport, Factory Tech Lab  
  22  2:19  SCV  
  23  2:29  Marine  
  23  2:30  Marine  
  23  2:36  Siege Tank  
  28  2:42  Supply Depot  
  28  2:47  Marine x2  
  30  3:02  Supply Depot  
  30  3:04  Medivac  
  30  3:05  Marine  
  32  3:07  Marine  
  34  3:19  Siege Tank  
  37  3:31  Marine x2  
  42  3:44  Supply Depot  
Tags
 
Matchup
TvT
Opening
1/1/1
Race
Terran
Replay Pack
kreditionep1
Spawn Locations
Close Positions
Add a new tag
Caveats
  • Supply blocks, unpowered buildings, or Contaminate may cause inaccurate times.
  • Supply counts are checked every 10 seconds.